Description

This Build Order comes from goblin. It's macro oriented with a Void/Carrier playstyle.

Notes :

In this game, it's a void first opening. You can still do an oracle opening if you want more harass but your composition will come later. Stay in defense : The army composition is heavy tech oriented = less units. If you are surrounded, you will lose - You can switch to both skytoss or gateway units playstyle on the late game

VOD

https://youtu.be/yXXlxj1zAoY

Replay - Ice_and_Chrome_LE_72

Build Order

Get SALT Encoding   

  12  0:00  Probe  
  13  0:12  Probe  
  14  0:20  Pylon  
  14  0:24  Probe  
  15  0:38  Probe (Chrono Boost)  
  15  0:40  Gateway  
  16  0:47  Probe (Chrono Boost), Assimilator  
  17  0:52  Probe (Chrono Boost)  
  18  1:04  Probe  
  19  1:17  Probe  
  20  1:24  Nexus  
  20  1:34  Cybernetics Core  
  20  1:38  Probe  
  21  1:44  Assimilator  
  21  1:50  Probe  
  21  1:52  Pylon  
  23  2:09  Stalker (Chrono Boost)  
  27  2:23  Stargate  
  28  2:32  Adept  
  31  2:39  Warp Gate  
  35  3:04  Void Ray  
  37  3:08  Gateway  
  41  3:16  Pylon  
  43  3:20  Assimilator x2  
  46  3:41  Void Ray  
  48  3:45  Pylon  
  52  3:54  Pylon  
  54  3:58  Stargate  
  57  4:23  Void Ray (Chrono Boost)  
  62  4:33  Nexus  
  62  4:34  Protoss Air Weapons Level 1  
  62  4:38  Void Ray (Chrono Boost)  
  68  4:50  Shield Battery  
  68  4:56  Void Ray (Chrono Boost)  
  74  5:06  Void Ray (Chrono Boost)  
  74  5:14  Twilight Council  
  80  5:16  Adept  
  82  5:26  Adept  
  86  5:35  Void Ray  
  93  5:50  Resonating Glaives (Chrono Boost)  
  96  5:58  Gateway x2  
  96  6:03  Assimilator x2  
  98  6:10  Void Ray  
  100  6:12  Adept x2  
  108  6:27  Fleet Beacon  
  110  6:35  Adept x2  
  116  6:44  Stargate  
  116  6:45  Forge  
  116  6:54  Zealot x2  
  120  7:04  Adept x2  
  124  7:09  Cybernetics Core  
  124  7:12  Unknown  
  124  7:13  Nexus  
  124  7:27  Carrier (Chrono Boost)  
  124  7:28  Protoss Air Weapons Level 2 (Chrono Boost)  
  124  7:33  Carrier x2 (Chrono Boost)  
  130  7:58  Photon Cannon x4  
  131  8:11  Templar Archives  
  131  8:12  Protoss Air Armor Level 1 (Chrono Boost)  
  133  8:13  Charge  
  133  8:18  Gateway x2  
  133  8:20  Assimilator x2  
  133  8:27  Carrier  
  139  8:39  Carrier  
  145  8:46  Photon Cannon  
  145  8:47  Zealot, Shield Battery  
  150  9:11  Psionic Storm  
  150  9:13  Protoss Shields Level 1 (Chrono Boost)  
  150  9:14  Robotics Facility  
  150  9:17  Zealot x3  
  156  9:29  High Templar x3  
  162  9:33  Shield Battery  
  162  9:46  Nexus  
  162  9:51  Protoss Air Weapons Level 3 (Chrono Boost)  
  162  9:52  Assimilator x2  
  162  9:56  Carrier  
Spawning Tool Build Advisor. Get it on Overwolf

Go to:

Details

  • Created by: zuka      
  • Published on: Oct 09, 2020
  • Modified on: Oct 09, 2020
  • Patch: 4.11.0
  • Difficulty: Easy
Show
View Real Time Build Order
Export as new Build Order

Comments (0)

There are no comments. Be the first!

Create an account to comment!